 Dungeon Crawl Stone Soup version 0.28.0-45-g0d030f2227 (webtiles) character file.

Game seed: 1988093205650538046

339 Ablot the Grasshopper (level 6, -5/51 HPs)
             Began as a Gnoll Warper on Apr 1, 2022.
             Slain by a gnoll
             ... wielding a +0 spear
              (8 damage)
             ... on level 4 of the Dungeon.
             The game lasted 00:05:22 (4306 turns).

Ablot the Grasshopper (Gnoll Warper)                Turns: 4306, Time: 00:05:22

Health: -5/51      AC:  4    Str: 12    XL:     6   Next: 55%
Magic:  14/14      EV: 17    Int: 12    God:
Gold:   137        SH:  0    Dex: 12    Spells: 13/15 levels left

rFire   . . .      SeeInvis .   a - +0 trident
rCold   . . .      Faith    .   (no shield)
rNeg    . . .      Spirit   .   b - +0 leather armour
rPois   .          Reflect  .   (no helmet)
rElec   .          Harm     .   (no cloak)
rCorr   .          Rampage  .   (no gloves)
Will    +....                   r - +0 pair of boots
Stlth   ++........              (no amulet)
HPRegen 0.17/turn               n - ring of willpower
MPRegen 0.14/turn               w - +4 ring of evasion

@: no status effects
A: fangs 1, strong nose, distributed training
a: no special abilities


You were on level 4 of the Dungeon.
You visited 1 branch of the dungeon, and saw 4 of its levels.

You collected 137 gold pieces.

Inventory:

Hand Weapons
 a - a +0 trident (weapon)
 j - a +2 dagger of freezing
 t - a +0 scimitar
Missiles
 d - 5 boomerangs of dispersal
 e - 19 sling bullets
 f - 156 stones
 g - 5 poisoned darts (quivered)
 k - 30 bolts
 q - 3 curare-tipped darts
Armour
 b - a +0 leather armour (worn)
 r - a +0 pair of boots (worn)
Jewellery
 n - a ring of willpower (left hand)
 o - a ring of resist corrosion
 v - a ring of positive energy
 w - a +4 ring of evasion (right hand)
Scrolls
 c - a scroll of blinking
 h - 5 scrolls of identify {unknown}
 i - 2 scrolls of teleportation {unknown}
 s - 2 scrolls of fog {unknown}
Potions
 l - 2 potions of might {unknown}
 m - 3 potions of haste {unknown}
 p - 2 potions of ambrosia {unknown}
 u - a potion of berserk rage {unknown}


   Skills:
 + Level 5.0 Fighting
 + Level 2.0 Short Blades
 + Level 2.0 Long Blades
 + Level 2.0 Axes
 + Level 2.0 Maces & Flails
 + Level 5.0 Polearms
 + Level 2.0 Staves
 + Level 2.0 Slings
 + Level 2.0 Bows
 + Level 2.0 Crossbows
 + Level 3.3 Throwing
 + Level 3.3 Armour
 + Level 5.0 Dodging
 + Level 2.0 Stealth
 + Level 2.0 Shields
 + Level 2.0 Unarmed Combat
 + Level 5.4 Spellcasting
 + Level 1.6 Conjurations
 + Level 1.6 Hexes
 + Level 1.6 Summonings
 + Level 1.6 Necromancy
 + Level 5.7 Translocations
 + Level 1.6 Transmutations
 + Level 1.6 Fire Magic
 + Level 1.6 Ice Magic
 + Level 1.6 Air Magic
 + Level 1.6 Earth Magic
 + Level 1.6 Poison Magic
 + Level 2.2 Invocations
 + Level 2.0 Evocations


You had 13 spell levels left.
You knew the following spells:

 Your Spells              Type           Power      Damage    Failure   Level
a - Blink                 Tloc           32%        N/A       3%          2

Your spell library contained the following spells:

 Spells                   Type           Power      Damage    Failure   Level
 Gell's Gravitas          Tloc           16%        N/A       7%          3
 Lesser Beckoning         Tloc           16%        N/A       7%          3
 Teleport Other           Tloc           16%        N/A       7%          3
 Manifold Assault         Tloc           16%        N/A       54%         5


Dungeon Overview and Level Annotations

Branches:
Dungeon (4/15)
 Temple: D:4-7

Altars:
Wu Jian


Innate Abilities, Weirdness & Mutations

You have very sharp teeth.
Your uncanny sense of smell can sniff out nearby items.
Your experience applies equally to all skills.


Message History

You hit the gnoll shaman.
The gnoll shaman is lightly wounded.
The gnoll misses you.
A gnoll comes into view. It is wielding a +0 spear.
The gnoll shaman hits you with a +0 club.
The gnoll shouts!
You hit the gnoll shaman but do no damage.
The gnoll shaman is lightly wounded.
The gnoll hits you from afar with a +0 spear!
The gnoll shaman closely misses you.
You hit the gnoll shaman.
The gnoll shaman is moderately wounded.
The gnoll hits you from afar with a +0 spear.
The gnoll shaman completely misses you.
You hit the gnoll shaman.
The gnoll shaman is heavily wounded.
The gnoll closely misses you.
The gnoll shaman hits you with a +0 club!
* * * LOW HITPOINT WARNING * * *
The gnoll misses you. The phantom barely misses you. The phantom hits you.
* * * LOW HITPOINT WARNING * * *
The phantom blinks!
You blink.
You see here a +0 spear.
The gnoll shaman calls upon its god to speed up the gnoll.
The gnoll seems to speed up.
The gnoll shaman calls upon its god to speed up the gnoll.
The gnoll seems to speed up.
The gnoll hits you from afar with a +0 spear.
* * * LOW HITPOINT WARNING * * *
The gnoll misses you.
The gnoll hits you from afar with a +0 spear.
* * * LOW HITPOINT WARNING * * *
The gnoll hits you from afar with a +0 spear.
* * * LOW HITPOINT WARNING * * *
The gnoll hits you from afar with a +0 spear.
* * * LOW HITPOINT WARNING * * *
The gnoll hits you from afar with a +0 spear!
You die...

.###.#.# .# #g#.# .#
#.#.######.# .###..........#
#### #....#.######## #..
.###.#.### #.# ##### #.#
##.......## ###.# #... ...
#.#.....g#####...#####.###.#.#
#.#.....g..W.g.@.....<.....#.#
##........#...g.........###.#.#
...>.......)............# #.#.#
##).......#.#.......###.# #.#.#
##.#.....#..##......# #.# #.#[#
#.###...#.#####...#.# #.#
#.#.### ##.###.#.## ##......#.#
#.<.... ##..#.##.##
#..###.#.###<#.### #.........#
#..# #.........#


You could see a phantom, a gnoll shaman and 3 gnolls.

Vanquished Creatures
  An ogre (D:3)
  2 howler monkeys (D:4)
  A centaur zombie (D:4)
  A gnoll (D:4)
  2 adders
  An ufetubus (D:4)
  An adder skeleton (D:2)
  2 worms
  3 dart slugs
  5 orcs
  5 ball pythons
  6 endoplasms
  19 giant cockroaches
  6 goblins
  3 hobgoblins
  4 jackals (D:1)
  5 kobolds
  4 quokkas
  7 bats
  A frilled lizard (D:1)
  7 rats
86 creatures vanquished.

Notes
Turn   | Place    | Note
-------+----------+-------------------------------------------
     0 | D:1      | Ablot the Gnoll Warper began the quest for the Orb.
     0 | D:1      | Reached XP level 1. HP: 20/20 MP: 6/6
   358 | D:1      | Reached XP level 2. HP: 26/26 MP: 7/7
   369 | D:1      | Learned a level 2 spell: Blink
   543 | D:1      | Found a faded altar of an unknown god.
   821 | D:1      | Reached XP level 3. HP: 31/31 MP: 9/9
   925 | D:1      | Reached skill level 5 in Spellcasting
  1273 | D:1      | Reached skill level 1 in Invocations
  1831 | D:2      | Reached skill level 1 in Short Blades
  1831 | D:2      | Reached skill level 1 in Long Blades
  1831 | D:2      | Reached skill level 1 in Axes
  1831 | D:2      | Reached skill level 1 in Maces & Flails
  1831 | D:2      | Reached skill level 1 in Staves
  1831 | D:2      | Reached skill level 1 in Slings
  1831 | D:2      | Reached skill level 1 in Bows
  1831 | D:2      | Reached skill level 1 in Crossbows
  1831 | D:2      | Reached skill level 1 in Stealth
  1831 | D:2      | Reached skill level 1 in Shields
  1831 | D:2      | Reached skill level 1 in Unarmed Combat
  1831 | D:2      | Reached skill level 1 in Evocations
  2076 | D:2      | Reached XP level 4. HP: 37/38 MP: 11/11
  2902 | D:3      | Reached skill level 1 in Conjurations
  2902 | D:3      | Reached skill level 1 in Hexes
  2902 | D:3      | Reached skill level 1 in Summonings
  2902 | D:3      | Reached skill level 1 in Necromancy
  2902 | D:3      | Reached skill level 1 in Transmutations
  2902 | D:3      | Reached skill level 1 in Fire Magic
  2902 | D:3      | Reached skill level 1 in Ice Magic
  2902 | D:3      | Reached skill level 1 in Air Magic
  2902 | D:3      | Reached skill level 1 in Earth Magic
  2902 | D:3      | Reached skill level 1 in Poison Magic
  3437 | D:3      | Reached XP level 5. HP: 42/43 MP: 12/12
  3626 | D:4      | Noticed an ogre
  3642 | D:3      | Killed an ogre
  3753 | D:4      | Reached XP level 6. HP: 23/50 MP: 13/13
  4054 | D:4      | Found an ornate altar of the Wu Jian Council.
  4215 | D:4      | Reached skill level 5 in Fighting
  4215 | D:4      | Reached skill level 5 in Polearms
  4215 | D:4      | Reached skill level 5 in Dodging
  4306 | D:4      | Slain by a gnoll

Illustrated notes

Levels and vault maps discovered:
D:1:      sevenhm_arrival_forest_fort_small_4, layout_loops_ring,
          basic_ecumenical_altar
D:2:      layout_basic
D:3:      minmay_roachtagon, layout_loops_ring, gup_sewer_entry_spiral
D:4:      layout_loops_ring, lemuel_round_altar

Skill      XL: |  1  2  3  4  5  6 |
---------------+-------------------+-----
Spellcasting   | 5 |  5.4
Invocations    | 1 2 |  2.2
Short Blades   | 1 2 |  2.0
Long Blades    | 1 2 |  2.0
Axes           | 1 2 |  2.0
Maces & Flails | 1 2 |  2.0
Staves         | 1 2 |  2.0
Slings         | 1 2 |  2.0
Bows           | 1 2 |  2.0
Crossbows      | 1 2 |  2.0
Stealth        | 1 2 |  2.0
Shields        | 1 2 |  2.0
Unarmed Combat | 1 2 |  2.0
Evocations     | 1 2 |  2.0
Conjurations   | 1 |  1.6
Hexes          | 1 |  1.6
Summonings     | 1 |  1.6
Necromancy     | 1 |  1.6
Transmutations | 1 |  1.6
Fire Magic     | 1 |  1.6
Ice Magic      | 1 |  1.6
Air Magic      | 1 |  1.6
Earth Magic    | 1 |  1.6
Poison Magic   | 1 |  1.6
Throwing       | 3 |  3.3
Armour         | 3 |  3.3
Fighting       | 5 |  5.0
Polearms       | 5 |  5.0
Dodging        | 5 |  5.0
Translocations | |  5.7

Action                   |  1- 3 |  4- 6 || total
-------------------------+-------+-------++-------
Melee: Spear             |   173 |   182 ||   355
       Bite              |    16 |    23 ||    39
       Punch             |     4 |     3 ||     7
       Dagger            |       |     6 ||     6
       Trident           |       |    22 ||    22
Throw: Dart              |       |     3 ||     3
 Cast: Blink             |       |     1 ||     1
 Stab: Sleeping          |     1 |     2 ||     3
Armor: Leather armour    |    30 |    36 ||    66
Dodge: Dodged            |    85 |    98 ||   183
